 Dungeon Crawl Stone Soup version 0.26-a0-1053-gaff5f71418 (webtiles) character file.

Game seed: 7108575509990489172

5 vurker the Sneak (level 1, -2/13 HPs)
             Began as a Gnoll Enchanter on Dec 12, 2020.
             Slain by a worm (4 damage)
             ... on level 2 of the Dungeon.
             The game lasted 00:00:53 (1346 turns).

vurker the Sneak (Gnoll Enchanter)                  Turns: 1346, Time: 00:00:54

Health: -2/13      AC:  6    Str: 10    XL:     1   Next: 80%
Magic:  6/6        EV: 12    Int: 17    God:
Gold:   29         SH:  0    Dex: 15    Spells: 8/9 levels left

rFire    . . .     SeeInvis .   a - +1 dagger
rCold    . . .     Faith    .   (no shield)
rNeg     + . .     Spirit   .   h - +0 ring mail
rPois    .         Reflect  .   (no helmet)
rElec    .         Harm     .   (no cloak)
rCorr    .         Rampage  .   i - +0 pair of gloves
Will     .....                  (no boots)
Stlth    +++.......             (no amulet)
HPRegen  0.04/turn              g - ring of positive energy
MPRegen  0.10/turn              (no ring)

@: no status effects
A: distributed training, fangs 1, strong nose
a: no special abilities


You were on level 2 of the Dungeon.
You visited 1 branch of the dungeon, and saw 2 of its levels.

You collected 29 gold pieces.

Inventory:

Hand Weapons
 a - a +1 dagger (weapon)
Armour
 h - a +0 ring mail (worn)
   (You found it on level 1 of the Dungeon)
 i - a +0 pair of gloves (worn)
   (You found it on level 1 of the Dungeon)
Jewellery
 g - a ring of positive energy (left hand)
   (You found it on level 1 of the Dungeon)
Scrolls
 b - a scroll of immolation {unknown}
 c - 2 scrolls of identify {unknown}
 d - a scroll of remove curse {unknown}
 e - a scroll of enchant armour {unknown}
 f - 2 scrolls of teleportation {unknown}


   Skills:
 + Level 0.1 Fighting
 + Level 2.4 Short Blades
 + Level 0.1 Long Blades
 + Level 0.1 Axes
 + Level 0.1 Maces & Flails
 + Level 0.1 Polearms
 + Level 0.1 Staves
 + Level 0.1 Slings
 + Level 0.1 Bows
 + Level 0.1 Crossbows
 + Level 0.1 Throwing
 + Level 0.1 Armour
 + Level 4.4 Dodging
 + Level 5.9 Stealth
 + Level 0.1 Shields
 + Level 0.1 Unarmed Combat
 + Level 4.9 Spellcasting
 + Level 0.1 Conjurations
 + Level 5.3 Hexes
 + Level 0.1 Summonings
 + Level 0.1 Necromancy
 + Level 0.1 Translocations
 + Level 0.1 Transmutations
 + Level 0.1 Fire Magic
 + Level 0.1 Ice Magic
 + Level 0.1 Air Magic
 + Level 0.1 Earth Magic
 + Level 0.1 Poison Magic
 + Level 0.2 Invocations
 + Level 0.1 Evocations


You had 8 spell levels left.
You knew the following spells:

 Your Spells              Type           Power        Failure   Level
a - Corona                Hex            ###....      4%          1

Your spell library contained the following spells:

 Spells                   Type           Power        Failure   Level
 Confusing Touch          Hex            ###.....     13%         3
 Tukima's Dance           Hex            ###.....     13%         3
 Ensorcelled Hibernation  Hex/Ice        ##....       19%         2
 Dazzling Flash           Conj/Hex       ##....       36%         3


Dungeon Overview and Level Annotations

Branches:
Dungeon (2/15)

Altars:


Innate Abilities, Weirdness & Mutations

Your experience applies equally to all skills.
You have very sharp teeth.
Your uncanny sense of smell can sniff out nearby items.


Message History

You start resting.
You climb downwards.
There is a stone staircase leading up here.
You hit the worm. The worm bites you.
You hit the worm but do no damage. The worm bites you.
You hit the worm. You hit the worm but do no damage.
The worm bites you but does no damage.
You barely miss the worm. You hit the worm. The worm bites you.
* * * LOW HITPOINT WARNING * * *
There is an open door here.
There is a stone staircase leading up here.
You climb upwards.
There is a stone staircase leading down here.
You start resting.
You climb downwards.
The worm closely misses you.
There is a stone staircase leading up here.
You hit the worm. You hit the worm. The worm bites you.
You hit the worm. You bite the worm, but do no damage. You hit the worm.
The worm closely misses you.
You hit the worm but do no damage. You hit the worm.
The worm bites you but does no damage.
You hit the worm. You bite the worm, but do no damage. You hit the worm.
You bite the worm, but do no damage. The worm bites you.
You hit the worm. You hit the worm. The worm misses you.
You hit the worm but do no damage. The worm bites you.
* * * LOW HITPOINT WARNING * * *
There is an open door here.
There is a stone staircase leading up, spattered with blood here.
You climb upwards.
There is a stone staircase leading down here.
You start resting.
You climb downwards.
The worm barely misses you.
There is a stone staircase leading up, spattered with blood here.
You hit the worm. You completely miss the worm. The worm bites you.
You barely miss the worm. You completely miss the worm.
The worm closely misses you.
You hit the worm but do no damage. You barely miss the worm.
The worm closely misses you.
You hit the worm. You hit the worm. The worm bites you.
You barely miss the worm. You hit the worm. The worm bites you!
Ouch! That really hurt!
* * * LOW HITPOINT WARNING * * *
The worm bites you.
You die...

#.#.#.#.....# #
#....#..#.#
#.......#.#
#.#.....# #
###+#'#.....#
#....<...#.##
#.............
#..w...###.....
#...@........##
#####+#.....(..
..#.#### #.# .
..


You could see a worm.

Vanquished Creatures
  A goblin (D:1)
  A hobgoblin (D:1)
  A kobold (D:1)
  2 rats (D:1)
5 creatures vanquished.

Notes
Turn   | Place    | Note
-------+----------+-------------------------------------------
     0 | D:1      | vurker the Gnoll Enchanter began the quest for the Orb.
     0 | D:1      | Reached XP level 1. HP: 13/13 MP: 6/6
  1346 | D:2      | Slain by a worm

Illustrated notes

Levels and vault maps discovered:
D:1:      co_arrival_square_in_a_square_in_a_square, layout_rooms
D:2:      minmay_roachtagon, layout_basic

Action                   || total
-------------------------++-------
Melee: Dagger            ||    45
       Bite              ||     6
 Stab: Sleeping          ||     1
Armor: Ring mail         ||     3
Dodge: Dodged            ||    12

Table legend: (Time is in decaauts)
 A = Elapsed time spent in this place.
 B = Non-inter-level travel time spent in this place.
 C = Inter-level travel time spent in this place.
 D = Time resting spent in this place.
 E = Time spent auto-exploring this place.
 F = Levels seen in this place.
 G = Mean time per level.
                   A        B        C        D        E       F      G
               +--------+--------+--------+--------+--------+-----+--------+
         Total |   1343 |   1339 |      4 |    794 |    392 |   2 |  671.5 |
       Dungeon |   1343 |   1339 |      4 |    794 |    392 |   2 |  671.5 |
               +--------+--------+--------+--------+--------+-----+--------+

Top non-repeatable levels by time:
     D:1: 1258 daAuts
     D:2: 85 daAuts
